Map: Cerulean Fall LE

Players

JonSnow - Winner!

  • Race: Zerg Zerg
  • Spawn Location: 1:00

HuT

  • Race: Terran Terran
  • Spawn Location: 7:00

Event: WCS Montreal 2018

VOD

Have the link to the VOD?

Description

Time

  • Played on: Sept. 7, 2018, 9:25 p.m.
  • Length: 13:04

All games in this series

Show
View Real Time Build Order
Export as new Build Order

JonSnow Zerg - Winner!

Build Orders: Hatch First 

Get SALT Encoding   

  12  0:00  Drone  
  13  0:13  Overlord  
  13  0:17  Drone  
  14  0:31  Drone x2  
  16  0:37  Drone  
  17  0:53  Hatchery  
  17  0:56  Drone  
  17  1:01  Drone  
  18  1:11  Extractor  
  18  1:15  Spawning Pool  
  18  1:18  Drone  
  17  1:20  Drone  
  18  1:28  Drone  
  19  1:46  Drone  
  20  2:02  Zergling x4  
  20  2:04  Queen  
  20  2:05  Queen  
  20  2:06  Zergling x2  
  27  2:12  Metabolic Boost  
  27  2:27  Hatchery  
  26  2:31  Overlord  
  26  2:35  Drone  
  27  2:40  Drone  
  28  2:46  Overlord  
  28  2:50  Drone  
  28  2:51  Drone  
  30  2:57  Queen  
  32  3:00  Drone  
  32  3:03  Drone  
  34  3:05  Drone  
  34  3:08  Drone  
  37  3:20  Drone x5  
  37  3:24  Drone  
  41  3:29  Overlord  
  41  3:36  Queen  
  41  3:39  Overlord  
  43  3:42  Queen  
  43  3:47  Overlord  
  45  3:49  Drone x2  
  47  3:58  Drone x5  
  47  4:02  Zergling x4  
  54  4:03  Zergling x2  
  55  4:10  Lair  
  55  4:14  Overlord  
  55  4:16  Drone x2  
  57  4:18  Overlord  
  57  4:25  Queen  
  57  4:26  Extractor  
  57  4:27  Extractor  
  57  4:29  Drone x3  
  60  4:34  Drone x2  
  60  4:37  Baneling Nest  
  61  4:40  Drone, Spore Crawler  
  61  4:43  Drone x2  
  63  4:46  Drone x2  
  63  4:49  Drone  
  63  4:52  Overlord  
  66  4:56  Zergling x6  
  66  4:57  Zergling x2  
  70  5:01  Queen  
  70  5:06  Queen  
  73  5:09  Overseer  
  73  5:12  Drone x3  
  76  5:17  Zergling x6  
  76  5:19  Centrifical Hooks  
  79  5:28  Evolution Chamber x2  
  77  5:36  Overlord  
  77  5:37  Drone x4  
  77  5:38  Drone  
  77  5:40  Overlord  
  82  5:49  Overlord  
  82  5:50  Extractor  
  82  5:53  Zergling x6  
  82  5:54  Zergling x6, Hatchery  
  84  6:05  Zergling x12  
  84  6:08  Baneling x4  
  84  6:11  Zerg Ground Armor Level 1, Zerg Melee Weapons Level 1  
  90  6:16  Overlord  
  90  6:20  Baneling x2  
  90  6:23  Drone x2, Zergling x2  
  90  6:24  Zergling x8  
  97  6:32  Zergling x6  
  97  6:41  Zergling x2  
  97  6:42  Zergling x12  
  97  6:43  Baneling x9  
  102  6:47  Baneling  
  102  6:48  Baneling x4  
  101  6:56  Drone x4  
  105  7:05  Hydralisk Den  
  105  7:06  Drone x4  
  105  7:07  Drone  
  109  7:13  Drone x3  
  112  7:18  Overlord  
  112  7:19  Overlord  
  112  7:25  Zergling x2  
  112  7:29  Queen  
  115  7:31  Zergling x2  
  115  7:32  Zergling x4  
  117  7:38  Hydralisk x3, Grooved Spines  
  117  7:39  Extractor  
  122  7:52  Baneling x2  
  122  7:53  Baneling  
  122  7:57  Hydralisk x4, Hatchery  
  122  7:58  Hydralisk x2  
  131  8:00  Baneling x3  
  132  8:09  Overlord x4  
  130  8:25  Overlord  
  130  8:26  Zerg Melee Weapons Level 2, Overlord  
  130  8:31  Hydralisk x4  
  130  8:32  Zergling x8  
  142  8:38  Zergling x2  
  142  8:40  Overlord  
  138  8:51  Hydralisk x4  
  138  8:52  Zergling x4  
  138  8:53  Zergling x10  
  146  8:56  Baneling x2  
  146  8:59  Zergling x4  
  148  9:04  Zergling x4  
  148  9:09  Spore Crawler, Zergling x4  
  151  9:12  Muscular Augments  
  151  9:16  Zergling x2  
  152  9:20  Zergling x6  
  152  9:22  Zerg Ground Armor Level 2  
  155  9:27  Zergling x4  
  155  9:31  Zergling x10  
  155  9:34  Zergling x2  
  155  9:35  Zergling x10  
  162  9:40  Hydralisk x2  
  162  9:43  Zergling x2  
  162  9:44  Zergling x2  
  165  9:50  Hydralisk, Queen  
  165  9:51  Hydralisk  
  171  9:55  Zergling x2  
  171  9:58  Zergling x2  
  167  10:03  Hydralisk x2  
  167  10:04  Hydralisk x2  
  167  10:05  Zergling x12  
  167  10:06  Baneling x2  
  167  10:07  Baneling x2  
  167  10:12  Zergling x2  
  142  10:16  Hydralisk x3  
  130  10:21  Hydralisk  
  130  10:24  Zergling x2  
  130  10:27  Hydralisk x2  
  123  10:31  Hydralisk  
  123  10:32  Zergling x4  
  124  10:39  Zergling x10  
  114  10:43  Zergling x2  
  114  10:48  Zerg Missile Weapons Level 1  
  114  10:49  Hydralisk  
  115  10:50  Zergling x4  
  115  10:54  Overseer  
  115  10:56  Drone x3  
  115  10:57  Drone x2  
  121  11:02  Drone x4  
  125  11:05  Baneling  
  125  11:06  Baneling x5  
  125  11:08  Zergling x2  
  125  11:15  Baneling x2  
  125  11:16  Baneling, Zergling x8  
  129  11:24  Hydralisk x2  
  133  11:25  Zergling x2  
  133  11:33  Zergling x18  
  133  11:38  Hydralisk x2  
  133  11:39  Zergling x2  
  147  11:43  Baneling x5  
  147  11:49  Hydralisk  
  147  11:50  Zergling x10  
  151  12:00  Overlord x3  
  149  12:07  Hydralisk x4  
  156  12:08  Zergling x4  
  156  12:14  Zergling x6  
  159  12:25  Baneling x4  
  159  12:26  Zergling x2  
  159  12:27  Zergling x16  
  168  12:39  Hydralisk x3  
  168  12:40  Hydralisk  
  168  12:43  Zergling x2  
  152  13:00  Infestation Pit  
Show
View Real Time Build Order
Export as new Build Order

HuT Terran 

Build Orders: Gas First Reaper Expand, Liberator Opening, Reaper Expand, MMM Bio 

Get SALT Encoding   

  12  0:00  SCV  
  13  0:12  SCV  
  14  0:17  Supply Depot  
  14  0:25  SCV  
  14  0:28  Refinery  
  15  0:39  SCV  
  16  0:44  Barracks  
  16  0:51  SCV  
  17  1:03  SCV  
  18  1:19  SCV  
  19  1:31  Reaper, Orbital Command  
  20  1:43  Command Center  
  20  1:55  Factory  
  20  1:59  SCV  
  21  2:07  Barracks Reactor  
  21  2:11  SCV  
  22  2:16  Supply Depot  
  22  2:18  Refinery  
  22  2:23  SCV  
  23  2:38  SCV  
  23  2:43  Starport  
  24  2:48  Hellion x2  
  28  2:52  SCV  
  28  2:57  Orbital Command  
  29  3:00  Barracks Tech Lab  
  29  3:10  Hellion  
  31  3:13  Hellion  
  31  3:16  SCV  
  34  3:26  SCV  
  35  3:28  SCV, Supply Depot  
  36  3:36  Viking  
  36  3:38  SCV, Barracks Tech Lab  
  39  3:44  Factory Tech Lab  
  38  3:50  SCV x2  
  38  3:51  Liberator  
  38  3:52  Supply Depot  
  40  3:58  Marine  
  40  3:59  Stimpack  
  40  4:02  SCV x2  
  46  4:14  SCV, Supply Depot  
  46  4:15  SCV  
  46  4:16  Marine  
  49  4:27  Barracks  
  49  4:29  Barracks  
  49  4:32  Siege Tank  
  49  4:34  Marine  
  53  4:39  SCV x2  
  53  4:41  Supply Depot  
  53  4:43  Supply Depot  
  55  4:49  Refinery  
  55  4:51  Refinery  
  55  4:52  SCV x2  
  57  5:00  Starport Reactor  
  57  5:01  Engineering Bay  
  57  5:02  Marine  
  57  5:04  SCV  
  57  5:05  SCV  
  57  5:06  Siege Tank  
  63  5:17  SCV x2  
  63  5:18  Marine x2  
  63  5:19  Barracks Reactor  
  67  5:29  SCV x2  
  67  5:32  Terran Infantry Weapons Level 1  
  67  5:34  Barracks x2  
  69  5:41  SCV  
  71  5:43  Medivac x2  
  71  5:48  Siege Tank  
  71  5:49  Supply Depot  
  78  5:55  Supply Depot  
  78  5:56  Supply Depot  
  77  6:01  Marine x4  
  77  6:03  Marine  
  82  6:13  Medivac x2  
  82  6:14  Combat Shields  
  86  6:19  Marine  
  86  6:21  Barracks Reactor  
  87  6:26  Supply Depot  
  87  6:33  Marine x2  
  87  6:38  Siege Tank  
  87  6:39  Concussive Shells  
  92  6:40  Marauder, Marine x3  
  92  6:43  Liberator  
  97  6:51  Marine x2  
  99  6:57  Marine  
  99  6:58  Marine x3  
  99  7:01  Marine  
  101  7:02  Marine  
  103  7:09  Marine x2  
  103  7:13  Supply Depot  
  103  7:15  Marine x2  
  106  7:16  Marine x2  
  106  7:19  Marine  
  106  7:20  Marine  
  111  7:26  Liberator x2  
  111  7:27  Marine x2  
  113  7:30  Siege Tank  
  113  7:33  Marine x2  
  113  7:35  Marine x2  
  113  7:36  Marine  
  126  7:56  Marine x2, Supply Depot  
  126  7:57  Marine x3  
  128  7:59  Marine  
  128  8:03  Marine  
  127  8:06  Terran Infantry Armor Level 1  
  127  8:10  Marine  
  127  8:14  Marine x2  
  127  8:19  Marine x3  
  131  8:21  Marine  
  131  8:26  Marine  
  133  8:28  Marine  
  133  8:32  Marine x2  
  136  8:36  Marine  
  136  8:39  Marine x3  
  139  8:53  Marine, Siege Tank  
  139  8:54  Marine x2  
  141  8:56  Marine  
  142  9:06  Supply Depot  
  142  9:07  Supply Depot  
  141  9:10  Marine  
  141  9:12  Marine  
  141  9:13  Bunker  
  142  9:27  Marine x4  
  146  9:32  Marine  
  146  9:37  Marine x3, Supply Depot  
  150  9:45  Marine  
  151  9:58  Marine x2  
  147  10:04  Marine  
  147  10:05  Marine x4  
  147  10:06  Marine  
  130  10:15  Marine  
  130  10:16  Marine  
  130  10:20  Siege Tank  
  113  10:22  Marine x2  
  113  10:23  Marine x3  
  113  10:25  Marine  
  101  10:33  Marine x2  
  101  10:40  Marine  
  94  10:43  Marine x5  
  96  10:50  Medivac x2  
  96  10:51  Marine x2  
  102  10:58  Marine  
  102  11:01  Marine x3  
  102  11:02  Siege Tank  
  102  11:03  Liberator  
  109  11:08  Marine  
  109  11:09  Marine x2  
  112  11:12  Marine  
  112  11:16  Marine  
  114  11:18  Marine  
  114  11:19  Marine  
  114  11:25  Marine  
  120  11:26  Marine x2  
  122  11:37  Marine x2  
  122  11:38  Marine  
  124  11:50  Marine  
  124  11:51  Marine x4  
  127  11:55  Marine x2  
  127  12:00  Siege Tank  
  125  12:10  Marine x3  
  126  12:20  Bunker  
  129  12:33  Bunker  
  129  12:35  Marine  
Tags
 
Add a new tag
Caveats
  • Supply blocks, unpowered buildings, or Contaminate may cause inaccurate times.
  • Supply counts are checked every 10 seconds.